 Dungeon Crawl Stone Soup version 0.19-a0-1697-g0595f0e (webtiles) character file.

39 st0uf the Skirmisher (level 3, -10/29 HPs)
             Began as a Demonspawn Fighter on Sept 26, 2016.
             Mangled by an ogre
             ... wielding a +0 giant spiked club
              (18 damage)
             ... on level 4 of the Dungeon.
             The game lasted 00:03:12 (924 turns).

st0uf the Skirmisher (Demonspawn Fighter)            Turns: 924, Time: 00:03:12

Health: -10/29     AC:  7    Str: 17    XL:     3   Next: 28%
Magic:  3/3        EV:  9    Int:  9    God:
Gold:   48         SH:  0    Dex: 12    Spells: 0 memorised, 2 levels left

rFire  . . .     SeeInvis .     a - +0 long sword
rCold  + . .     Gourm    .     b - +0 scale mail
rNeg   . . .     Faith    .     (no shield)
rPois  .         Spirit   .     (helmet restricted)
rElec  .         Dismiss  .     (no cloak)
rCorr  .         Reflect  .     (no gloves)
MR     .....     Harm     .     (no boots)
Stlth  ..........               (no amulet)
                                (no ring)
                                (no ring)

@: no status effects
A: antennae 1, cold resistance 1
a: no special abilities


You were on level 4 of the Dungeon.
You were not hungry.

You visited 1 branch of the dungeon, and saw 4 of its levels.

You collected 48 gold pieces.

Inventory:

Hand Weapons
 a - a +0 long sword (weapon)
Armour
 b - a +0 scale mail (worn)
Jewellery
 j - an uncursed amulet of faith
Scrolls
 e - a scroll of amnesia {unknown}
 g - 2 scrolls of identify {unknown}
 i - a scroll of immolation {unknown}
 l - a scroll of remove curse {unknown}
 m - a scroll of enchant armour {unknown}
Potions
 d - a potion of might
 h - a potion of heal wounds {unknown}
 n - a potion of cure mutation {unknown}
Comestibles
 c - a beef jerky
 f - 2 bread rations
 k - 4 chunks of flesh


   Skills:
 * Level 3.6 Fighting
 * Level 2.1 Long Blades
 + Level 3.0 Armour
 + Level 1.0 Dodging
   Level 2.6 Shields


You had 2 spell levels left.
You didn't know any spells.

Dungeon Overview and Level Annotations

Branches:
Dungeon (4/15)
 Temple: D:4-7

Altars:
Gozag
Uskayaw


Innate Abilities, Weirdness & Mutations

You have a pair of small antennae on your head.
Your flesh is cold resistant. (rC+)


Message History

You barely miss the ogre.
The ogre hits you with a giant spiked club!
You hit the ogre.
The ogre is lightly wounded.
The ogre hits you with a giant spiked club.
You barely miss the ogre.
The ogre is lightly wounded.
The ogre closely misses you.
You slash the ogre!
The ogre is moderately wounded.
The ogre closely misses you.
You hit the ogre.
The ogre is heavily wounded.
The ogre hits you with a giant spiked club!
* * * LOW HITPOINT WARNING * * *
You barely miss the ogre.
The ogre is heavily wounded.
The ogre hits you with a giant spiked club!!
Ouch! That really hurt!
You die...

..# # #.# #. ##'##
###. #### ##...##
.... ..# ##.....##
##..##.###.......##
#.#....#.##.........#
..........'.O.......+
#.##...#.##..@......#
##.##.###.......##
#.##.# ##.>...##
.....# ##...##
##.#### ##'## #.# #.#
###.##### #.#
#..<....# ##.##
#.#.###.#
##...#########


You could see an ogre.

Vanquished Creatures
  An adder (D:2)
  2 dart slugs
  4 bats (D:1)
  2 giant cockroaches (D:4)
  3 goblins
  2 hobgoblins (D:1)
  7 kobolds
  2 frilled lizards
  5 rats (D:1)
28 creatures vanquished.

Notes
Turn   | Place    | Note
-------+----------+-------------------------------------------
     0 | D:1      | st0uf the Demonspawn Fighter began the quest for the Orb.
     0 | D:1      | Reached XP level 1. HP: 18/18 MP: 1/1
   305 | D:1      | Gained mutation: Your flesh is cold resistant. (rC+) [demonic ancestry]
   305 | D:1      | Reached XP level 2. HP: 24/24 MP: 2/2
   636 | D:1      | Reached skill level 1 in Dodging
   710 | D:2      | Gained mutation: You have a pair of small antennae on your head. [demonic ancestry]
   710 | D:2      | Reached XP level 3. HP: 25/29 MP: 3/3
   813 | D:3      | Found an opulent altar of Gozag.
   895 | D:3      | Found a hide-covered altar of Uskayaw.
   908 | D:4      | Noticed an ogre
   924 | D:4      | Mangled by an ogre

Vault maps used:
D:1:      dpeg_arrival_tiny_d, minivault_23
D:2:      first_bread
D:3:      lemuel_crystal_altar, nicolae_overflow_hidden_temple,
          old_standard_altar, lemuel_coloured_pillars_altar,
          nicolae_overflow_crystal_walls, ecumenical_altar_2, uniq_robin
D:4:      kennysheep_slug_shrine, nicolae_ashenzari_panopticon

Skill      XL: |  1  2  3 |
---------------+----------+-----
Long Blades    | 2 |  2.1
Dodging        | 1 |  1.0
Armour         | 3 |  3.0
Fighting       | |  3.6
Shields        | |  2.6

Action                   || total
-------------------------++-------
Melee: Long sword        ||    98
Armor: Scale mail        ||    59
Dodge: Dodged            ||    42
